 Dungeon Crawl Stone Soup version 0.20.1-1-g8b1a95d (webtiles) character file.

4966 Greyaxe the Cleaver (level 10, -6/88 HPs)
             Began as a Minotaur Fighter on Aug 13, 2017.
             Was a Priest of Yredelemnul.
             Killed by nerve-wracking pain
             ... invoked by an orc priest
              (10 damage)
             ... on level 8 of the Dungeon.
             The game lasted 00:54:14 (8343 turns).

Greyaxe the Cleaver (Minotaur Fighter)              Turns: 8343, Time: 00:54:15

Health: -6/88      AC: 10    Str: 29    XL:     10   Next: 28%
Magic:  10/10      EV: 19    Int: 11    God:    Yredelemnul [***...]
Gold:   171        SH: 12    Dex: 15    Spells: 9/9 levels left

rFire    . . .     SeeInvis .   B - +4 mace "Syffenn" {vamp, Int+6}
rCold    . . .     Gourm    .   c - +0 shield
rNeg     . . .     Faith    .   h - +4 steam dragon scales
rPois    .         Spirit   .   (helmet unavailable)
rElec    .         Reflect  .   (no cloak)
rCorr    .         Harm     .   (no gloves)
MR       .....                  (no boots)
Stlth    +++.......             (no amulet)
Regen    0.3/turn               (no ring)
MPRegen  0.2/turn               (no ring)

@: mighty, agile, about to teleport, flying
A: retaliatory headbutt, hooves 1, horns 3, deterioration 1, screaming 1
a: Recall Undead Slaves, Injury Mirror, Animate Dead, Renounce Religion


You were on level 8 of the Dungeon.
You worshipped Yredelemnul.
Yredelemnul was most pleased with you.
You were not hungry.

You visited 2 branches of the dungeon, and saw 9 of its levels.
You also visited: Ossuary.

You collected 347 gold pieces.
You spent 176 gold pieces at shops.

Inventory:

Hand Weapons
 a - a +0 war axe
 B - the +4 mace "Syffenn" (weapon) {vamp, Int+6}
   (You bought it in a shop on level 5 of the Dungeon)

   It inflicts no extra harm, but heals its wielder when it wounds a living foe.
   It affects your intelligence (+6).
Missiles
 n - 118 stones (quivered)
Armour
 b - a +0 scale mail
 c - a +0 shield (worn)
 h - +4 steam dragon scales (worn)
Jewellery
 e - an uncursed amulet of harm
 v - an uncursed ring of ice
Wands
 s - a wand of disintegration (23/24)
 t - a wand of random effects (30/48)
 C - a wand of flame (13/48)
Scrolls
 g - 4 scrolls of identify
 l - 6 scrolls of remove curse
 m - 2 scrolls of teleportation
 w - 2 scrolls of recharging
 x - a scroll of amnesia
 y - a scroll of fear
Potions
 d - 2 potions of might
 j - a potion of ambrosia
 u - a potion of agility
 z - 3 potions of brilliance
Books
 i - a book of Maledictions

   Spells                             Type                      Level
   a - Corona                         Hexes                        1
   b - Ensorcelled Hibernation        Hexes/Ice                    2
   c - Confuse                        Hexes                        3
   d - Tukima's Dance                 Hexes                        3
   e - Dazzling Spray                 Conjuration/Hexes            3
 o - a book of Misfortune

   Spells                             Type                      Level
   a - Confusing Touch                Hexes                        1
   b - Confuse                        Hexes                        3
   c - Gell's Gravitas                Translocation                3
   d - Petrify                        Transmutation/Earth          4
   e - Metabolic Englaciation         Hexes/Ice                    5
   f - Yara's Violent Unravelling     Hexes/Transmutation          5
Comestibles
 f - 2 bread rations
 k - 3 royal jellies
 p - a meat ration


   Skills:
 + Level 7.7 Fighting
 + Level 9.8(10.8) Axes
 + Level 7.6(9.8) Maces & Flails
 + Level 4.5 Armour
 + Level 5.9 Dodging
 + Level 3.2 Stealth
 + Level 8.3 Shields
 + Level 2.0 Invocations


You had 9 spell levels left.
You didn't know any spells.

Dungeon Overview and Level Annotations

Branches:
Dungeon (8/15)             Temple (1/1) D:5
   Lair: D:8-11

Altars:
Ashenzari
Cheibriados
Dithmenos
Elyvilon
Fedhas
Gozag
Hepliaklqana
Kikubaaqudgha
Makhleb
Nemelex Xobeh
Okawaru
Qazlal
Ru
Sif Muna
Trog
Uskayaw
Vehumet
Xom
Yredelemnul
Zin
The Shining One

Shops:
D:5 (


Innate Abilities, Weirdness & Mutations

You reflexively headbutt those who attack you in melee.
You have a pair of large horns on your head.
You have large cloven feet.
Your body sometimes deteriorates upon taking damage.
You occasionally shout uncontrollably at your foes.


Message History

The orc wizard hits you with a dagger of protection.
* * * LOW HITPOINT WARNING * * *
It was a potion of mutation.
You feel extremely strange.
You feel yourself wasting away. The horns on your head grow some more.
You feel the urge to shout.
Your feet thicken and deform.
The orc wizard gestures at you while chanting.
The magic dart hits you!
* * * LOW HITPOINT WARNING * * *
Okay, then.
As you read the scroll of teleportation, it crumbles to dust.
You feel strangely unstable. The orc wizard barely misses you.
You furiously retaliate!
You headbutt the orc wizard!
You kill the orc wizard!
Yredelemnul accepts your kill.
You can now animate legions of the dead.
Yredelemnul will gift you servants as your piety grows.
The orc priest calls down the wrath of Beogh upon you.
Pain shoots through your body!
You die...
Your body rises from the dead as a mindless zombie.

#...#..###........#
#...#..............
#..##...##...#..#.#
................<..
##............#..#.
#..................
#..##...##.###.....
#.. #...##.# .#.#
.. #...##@# # #
#...##)# #... #o#
.. ... .....
#.#.### #.#.# #...#
# ..#


You could see an orc priest.

Vanquished Creatures
  A two-headed ogre (D:8)
  Prince Ribbit (D:7)
  A hippogriff (D:7)
  The ghost of ThePrince the Cudgeler, an amateur TrMo (D:4)
  A wraith (Ossuary)
  Eustachio (D:6)
  Duvessa (D:5)
  3 sky beasts
  4 ice beasts
  An orc warrior (D:6)
  2 black bears (D:6)
  3 phantoms
  4 ogres
  3 centaurs
  An elf zombie (Ossuary)
  2 bullfrogs
  A wyvern skeleton (D:6)
  Dowan (D:5)
  A scorpion (D:6)
  3 crimson imps
  A quasit (D:6)
  A bullfrog zombie (D:6)
  5 jellies
  4 hounds
  7 orc wizards
  A gnoll shaman (D:6)
  2 orc priests
  A centaur skeleton (D:6)
  3 iguanas
  5 worker ants
  A hound skeleton (D:8)
  3 mummies (Ossuary)
  15 gnolls
  A worker ant zombie (D:7)
  7 adders
  A shadow imp (D:7)
  An ooze (D:3)
  2 adder skeletons
  4 worms
  6 leopard geckos
  32 orcs
  7 bats
  3 giant cockroaches
  7 goblins
  4 hobgoblins
  2 jackals (D:6)
  12 kobolds
  4 quokkas
  A ball python (D:7)
  2 frilled lizards
  2 goblin zombies (Ossuary)
  4 hobgoblin zombies (Ossuary)
  3 kobold zombies (Ossuary)
  A leopard gecko skeleton (D:5)
  A leopard gecko zombie (D:5)
  A quokka skeleton (D:5)
  8 rats
  2 plants (D:1)
203 creatures vanquished.

Vanquished Creatures (collateral kills)
  An orc wizard (D:7)
  A gnoll (D:7)
  An orc (D:7)
3 creatures vanquished.

Vanquished Creatures (others)
  A hound zombie (D:7)
  3 orc zombies (D:7)
  A quokka zombie (D:7)
5 creatures vanquished.

Grand Total: 211 creatures vanquished

Notes
Turn   | Place    | Note
-------+----------+-------------------------------------------
     0 | D:1      | Greyaxe the Minotaur Fighter began the quest for the Orb.
     0 | D:1      | Reached XP level 1. HP: 19/19 MP: 0/0
   141 | D:1      | Reached XP level 2. HP: 24/27 MP: 1/1
   644 | D:2      | Reached XP level 3. HP: 20/33 MP: 2/2
   879 | D:2      | Reached skill level 3 in Axes
  1009 | D:2      | Reached XP level 4. HP: 31/40 MP: 3/3
  1302 | D:2      | Found a glowing golden altar of the Shining One.
  1574 | D:3      | Found an opulent altar of Gozag.
  1689 | D:3      | Reached XP level 5. HP: 37/46 MP: 4/4
  1717 | D:3      | Reached skill level 1 in Dodging
  1788 | D:3      | Reached skill level 5 in Shields
  1988 | D:3      | Reached skill level 4 in Axes
  2326 | D:3      | Noticed an ogre
  3067 | D:3      | Killed an ogre
  3067 | D:3      | Reached skill level 5 in Axes
  3067 | D:3      | Reached XP level 6. HP: 38/53 MP: 5/5
  3320 | D:4      | Found a sand-covered staircase.
  3329 | Ossuary  | Entered an ossuary
  3329 | Ossuary  | Noticed a wraith
  3329 | Ossuary  | Noticed a wraith
  3329 | Ossuary  | Noticed a wraith
  3541 | Ossuary  | Noticed a wraith
  3558 | Ossuary  | Killed a wraith
  3558 | Ossuary  | Reached skill level 6 in Axes
  3558 | Ossuary  | Reached XP level 7. HP: 32/60 MP: 6/6
  3745 | Ossuary  | Reached skill level 5 in Fighting
  3934 | D:4      | Noticed ThePrince's ghost (amateur TrMo)
  3953 | D:4      | Killed ThePrince's ghost
  3953 | D:4      | Reached skill level 7 in Axes
  4315 | D:4      | Found a burning altar of Makhleb.
  4315 | D:4      | Found a shimmering altar of Xom.
  4828 | D:5      | Entered Level 5 of the Dungeon
  4847 | D:5      | Reached XP level 8. HP: 44/70 MP: 7/7
  5006 | D:5      | Noticed Duvessa
  5006 | D:5      | Noticed Dowan
  5011 | D:5      | Killed Duvessa
  5011 | D:5      | Reached skill level 8 in Axes
  5015 | D:5      | Killed Dowan
  5051 | D:5      | Reached skill level 1 in Stealth
  5203 | D:5      | Reached skill level 9 in Axes
  5284 | D:5      | Found a staircase to the Ecumenical Temple.
  5292 | Temple   | Entered the Ecumenical Temple
  5332 | Temple   | Became a worshipper of Yredelemnul the Dark
  5456 | D:5      | Found a glowing golden altar of the Shining One.
  5667 | D:5      | Found Osilo's Antique Weapon Shop.
  5677 | D:5      | Bought a brightly glowing mace for 176 gold pieces
  5677 | D:5      | Identified the +4 mace "Syffenn" {vamp, Int+6} (You bought it in a shop on level 5 of the Dungeon)
  6133 | D:6      | Reached skill level 1 in Maces & Flails
  6133 | D:6      | Reached XP level 9. HP: 74/78 MP: 8/8
  6388 | D:6      | Noticed Eustachio
  6402 | D:6      | Killed Eustachio
  6415 | D:6      | Reached * piety under Yredelemnul
  7112 | D:6      | Reached skill level 5 in Maces & Flails
  7280 | D:7      | Reached skill level 5 in Dodging
  7338 | D:7      | Found a stormy altar of Qazlal.
  7347 | D:7      | Noticed Prince Ribbit
  7354 | D:7      | Killed Prince Ribbit
  7354 | D:7      | Reached ** piety under Yredelemnul
  7354 | D:7      | Reached skill level 1 in Invocations
  7653 | D:7      | Found a snail-covered altar of Cheibriados.
  7874 | D:7      | Reached XP level 10. HP: 86/86 MP: 9/9
  8307 | D:8      | Noticed a two-headed ogre
  8315 | D:8      | Killed a two-headed ogre
  8341 | D:8      | Gained mutation: Your body sometimes deteriorates upon taking damage. [potion of mutation]
  8341 | D:8      | Gained mutation: You have a pair of large horns on your head. [potion of mutation]
  8341 | D:8      | Gained mutation: You occasionally shout uncontrollably at your foes. [potion of mutation]
  8341 | D:8      | Gained mutation: You have large cloven feet. [potion of mutation]
  8341 | D:8      | HP: 3/88 [orc wizard/magic dart (2)]
  8342 | D:8      | Reached *** piety under Yredelemnul
  8343 | D:8      | Killed from afar by an orc priest

Skill      XL: |  1  2  3  4  5  6  7  8  9 10 |
---------------+-------------------------------+-----
Armour         | 4 |  4.5
Fighting       | 4 5 6 7 |  7.7
Shields        | 4 5 6 8 |  8.3
Axes           | 3 5 6 7 9 |  9.8
Dodging        | 2 3 4 5 |  5.9
Stealth        | 1 2 3 |  3.2
Maces & Flails | 1 6 7 |  7.6
Invocations    | 1 2 |  2.0

Action                   |  1- 3 |  4- 6 |  7- 9 | 10-12 || total
-------------------------+-------+-------+-------+-------++-------
Melee: War axe           |   141 |   174 |   123 |       ||   438
       Headbutt          |    23 |    26 |    64 |    16 ||   129
       Mace              |       |       |   181 |    64 ||   245
Invok: Animate Remains   |       |       |     9 |     2 ||    11
  Use: Scroll            |     5 |     6 |     7 |     1 ||    19
       Potion            |       |       |     1 |     7 ||     8
 Stab: Sleeping          |       |       |     7 |     2 ||     9
       Distracted        |       |       |     1 |       ||     1
  Eat: Bread ration      |     1 |       |     2 |       ||     3
       Meat ration       |       |     1 |     2 |       ||     3
       Royal jelly       |       |       |     2 |       ||     2
Armor: Scale mail        |    35 |       |       |       ||    35
       Steam dragon scal |     3 |    63 |    87 |    15 ||   168
Dodge: Dodged            |    34 |    57 |   116 |    34 ||   241
Block: Shield            |    46 |    87 |   171 |    35 ||   339
